 Dungeon Crawl Stone Soup version 0.17.0-26-gececa24 (webtiles) character file.

116 lucasterio the Poker (level 4, 0/41 HPs)
             Began as a Minotaur Berserker on Nov 19, 2015.
             Was a Believer of Trog.
             Slain by a gnoll
             ... wielding a +2 spear of chaos
              (3 damage)
             ... on level 2 of the Dungeon.
             The game lasted 00:05:19 (1309 turns).

lucasterio the Poker (Minotaur Berserker)           Turns: 1309, Time: 00:05:19

Health: 0/41       AC:  5    Str: 23    XL:     4   Next: 70%
Magic:  3/3        EV: 11    Int:  4    God:    Trog [**....]
Gold:   174        SH:  0    Dex:  9    Spells: 0 memorised, 3 levels left

rFire  . . .     SeeInvis .     a - +0 spear
rCold  . . .     Clarity  .     k - +0 ring mail
rNeg   . . .     SustAt   .     (no shield)
rPois  .         Gourm    .     (helmet restricted)
rElec  .         Spirit   .     (no cloak)
rCorr  .         Warding  .     (no gloves)
rMut   .         Stasis   .     (no boots)
MR     .....                    h - amulet of inaccuracy (curse)
Stlth  ..........               (no ring)
                                (no ring)

@: lethally poisoned (0 -> -5), exhausted, very slightly contaminated, slowed,
drained, very slow, not resistant to hostile enchantments, extremely unstealthy
A: retaliatory headbutt, horns 2
a: Berserk, Trog's Hand, Burn Spellbooks, Renounce Religion


You were on level 2 of the Dungeon.
You worshipped Trog.
Trog was pleased with you.
You were near starving.

You visited 1 branch of the dungeon, and saw 2 of its levels.

You collected 174 gold pieces.

Inventory:

Hand Weapons
 a - a +0 spear (weapon)
Missiles
 p - 19 arrows
Armour
 k - a +0 ring mail (worn)
Jewellery
 b - an uncursed amulet of regeneration {unknown}
 h - a cursed amulet of inaccuracy (around neck)
Wands
 u - a wand of digging (13)
Scrolls
 e - 3 scrolls of enchant weapon {unknown}
 g - a scroll of identify {unknown}
 j - a scroll of teleportation {unknown}
 l - a scroll of enchant armour {unknown}
 m - a scroll of random uselessness {unknown}
 q - a scroll of noise {unknown}
 t - 2 scrolls of fog {unknown}
 y - a scroll of amnesia {unknown}
Potions
 i - 2 potions of agility {unknown}
 n - 2 potions of brilliance {unknown}
 o - a potion of cancellation {unknown}
 s - a potion of heal wounds {unknown}
 w - a potion of curing {unknown}
 x - a potion of mutation {unknown}
Comestibles
 c - 2 bread rations
 d - 2 meat rations
 f - 2 beef jerkies
 r - a slice of pizza
 v - 16 chunks of flesh


   Skills:
 + Level 4.9(4.3) Fighting
 + Level 4.9(4.3) Polearms
 + Level 3.5(3.0) Armour
 - Level 2.4(1.8) Dodging


You had 3 spell levels left.
You didn't know any spells.

Dungeon Overview and Level Annotations

Branches:
Dungeon (2/15)

Altars:


Innate Abilities, Weirdness & Mutations

You reflexively headbutt those who attack you in melee.
You have a pair of horns on your head.


Message History

You feel drained. The gnoll closely misses you.
Attack whom?
Press: ? - help, Dir - move target cursor, f/p - gnoll
Aim: a gnoll, wielding a spear of chaos (lightly wounded)
You reach to attack!
You hit the gnoll but do no damage.
The gnoll is lightly wounded.
You feel sick.
The gnoll hits you from afar with a spear of chaos!
* * * LOW HITPOINT WARNING * * *
You feel drained.
* * * LOW HITPOINT WARNING * * *
You are too injured to fight recklessly!
You are too injured to fight recklessly!
Attack whom?
Press: ? - help, Dir - move target cursor, f/p - gnoll
Aim: a gnoll, wielding a spear of chaos (lightly wounded)
You reach to attack!
You puncture the gnoll!
The gnoll is almost dead.
The gnoll hits you from afar with a spear of chaos.
You die...

##.#.# .. ##.# #...# #.#.## #.#
#..# #...# #....#
######)######..# ###..###
##....≈.#≈..##.# ####....#
###≈≈..#≈#..≈###### #.....#.#
##≈##..###≈≈#≈≈≈# #. #.....#.#
#.#.##≈#####.#### #. #.......####
#.#.#⌠.≈.≈#(#.≈ #. #..........#
#.≈@)g.≈.#≈..#≈# #[ #.....#.##.#
#≈##≈.≈.≈# #≈... #. #.......##.#
# ...#..≈≈# #≈ #.
##....#....#####≈.≈..#≈$.. ####
####.##........##.≈..≈.### ##.##
#.......#..## #.#############....
#..........####.........####.....
#.............#........>......##.
#......##...##......<.#.####.....


You could see a gnoll.

Vanquished Creatures
  An adder (D:2)
  5 gnolls (D:2)
  An ooze (D:2)
  A giant gecko (D:1)
  5 bats
  4 giant cockroaches
  9 hobgoblins
  3 jackals
  5 kobolds
  2 ball pythons (D:1)
  4 giant newts
  10 goblins
  7 rats
57 creatures vanquished.

Notes
Turn   | Place    | Note
--------------------------------------------------------------
     0 | D:1      | lucasterio the Minotaur Berserker began the quest for the Orb.
     0 | D:1      | Reached XP level 1. HP: 19/19 MP: 0/0
    84 | D:1      | Reached skill level 4 in Polearms
    84 | D:1      | Reached XP level 2. HP: 24/27 MP: 1/1
   396 | D:1      | Reached XP level 3. HP: 33/33 MP: 2/2
   416 | D:1      | Reached ** piety under Trog
  1186 | D:2      | Reached XP level 4. HP: 36/41 MP: 3/3
  1309 | D:2      | Slain by a gnoll

Action                   |  1- 3 |  4- 6 || total
-------------------------+-------+-------++-------
Melee: Spear             |   162 |    36 ||   198
Invok: Trog's Hand       |     1 |     1 ||     2
       Berserk           |       |     1 ||     1
  Eat: Chunk             |     1 |       ||     1
